 Dungeon Crawl Stone Soup version 0.24-a0-378-g94936e539c (console) character file.

Game seed: 16227047299677865601

6446 Dragon00 the Cleaver (level 10, -6/91 HPs)
             Began as a Minotaur Berserker on May 31, 2019.
             Was a High Priest of Trog.
             Shot with an arrow by a centaur warrior (17 damage)
             ... on level 12 of the Dungeon on June 2, 2019.
             The game lasted 00:38:31 (7547 turns).

Dragon00 the Cleaver (Minotaur Berserker)           Turns: 7547, Time: 00:38:32

Health: -6/91      AC: 20    Str: 22    XL:     10   Next: 67%
Magic:  9/9        EV: 10    Int:  4    God:    Trog [*****.]
Gold:   493        SH:  2    Dex: 13    Spells: 9/9 levels left

rFire    . . .     SeeInvis .   a - +0 war axe
rCold    . . .     Gourm    .   (no shield)
rNeg     . . .     Faith    .   C - +0 plate armour
rPois    .         Spirit   .   b - +1 hat
rElec    .         Reflect  +   i - +0 cloak
rCorr    .         Harm     .   k - +1 pair of gloves
MR       .....                  E - +0 pair of boots
Stlth    ..........             r - +2 amulet of reflection
HPRegen  0.25/turn              (no ring)
MPRegen  0.11/turn              (no ring)

@: berserk cooldown, slowed, very slow
A: retaliatory headbutt, horns 2
a: Berserk, Trog's Hand, Brothers in Arms, Renounce Religion


You were on level 12 of the Dungeon.
You worshipped Trog.
Trog was extremely pleased with you.
You were very hungry.

You visited 2 branches of the dungeon, and saw 11 of its levels.

You collected 493 gold pieces.

Inventory:

Hand Weapons
 a - a +0 war axe (weapon)
 y - a +0 flail
Missiles
 h - 79 sling bullets
 u - 3 boomerangs (quivered)
Armour
 b - a +1 hat (worn)
 i - a +0 cloak (worn)
 k - a +1 pair of gloves (worn)
 n - a +0 scale mail of magic resistance
 x - a +0 leather armour of fire resistance
 C - a +0 plate armour (worn)
 E - a +0 pair of boots (worn)
Jewellery
 r - a +2 amulet of reflection (around neck)
Wands
 s - a wand of iceblast (19)
 w - a wand of random effects (46)
 G - a wand of flame (17)
Scrolls
 d - 2 scrolls of enchant weapon
 j - 2 scrolls of identify
 m - 2 scrolls of immolation
 t - a scroll of magic mapping
 v - 2 scrolls of teleportation
 F - a scroll of enchant armour
Potions
 e - 2 potions of haste
 f - a potion of invisibility
 g - a potion of agility
 l - a potion of resistance
 o - 2 potions of heal wounds
 p - 2 potions of lignification
 q - a potion of ambrosia
 z - 2 potions of curing
 A - a potion of flight
 D - a potion of brilliance
Comestibles
 c - 13 rations
 B - 6 chunks of flesh


   Skills:
 + Level 9.5 Fighting
 * Level 12.5 Axes
 + Level 9.0 Armour
 + Level 8.3 Dodging


You had 9 spell levels left.
You didn't know any spells.
Your spell library was empty.

Dungeon Overview and Level Annotations

Branches:
Dungeon (9/15)             Temple (1/1) D:5            Lair (0/6) D:8
    Orc: D:9-12

Altars:
Ashenzari
Cheibriados
Dithmenos
Elyvilon
Fedhas
Gozag
Hepliaklqana
Kikubaaqudgha
Makhleb
Nemelex Xobeh
Okawaru
Qazlal
Ru
Sif Muna
Trog
Uskayaw
Vehumet
Wu Jian
Xom
Yredelemnul
Zin
The Shining One


Innate Abilities, Weirdness & Mutations

You reflexively headbutt those who attack you in melee.
You have a pair of horns on your head.


Message History

The centaur shouts!
You hear a shout!
The bullfrog skeleton hits you but does no damage.
The centaur wields a +0 shortbow.
The centaur shoots an arrow.
The arrow hits you but does no damage.
A centaur comes into view.
The bullfrog skeleton hits you but does no damage.
The yak gores you but does no damage.
The cyclops throws a large rock.
The large rock hits you!!
* * * LOW HITPOINT WARNING * * *
The centaur wields a +0 shortbow.
The centaur shoots an arrow.
The arrow hits you but does no damage.
The centaur shoots an arrow.
The arrow closely misses you.
Things that are here:
a large rock; an arrow
As you read the scroll of fear, it crumbles to dust.
You assume a fearsome visage.
The cyclops looks frightened!
The yak looks frightened!
The bullfrog skeleton is unaffected.
The centaur looks frightened! x2
The bullfrog skeleton barely misses you.
You furiously retaliate!
You headbutt the bullfrog skeleton.
The bullfrog skeleton hits you but does no damage.
A centaur warrior comes into view.
The centaur warrior shouts!
You hear a shout! x2
The centaur warrior wields a +0 shortbow.
The centaur warrior shoots an arrow.
The arrow hits you!
You die...

....▓...▓▓▓...
......▓.....▓..▓
.....▓▓▓...▓▓▓.▓
......▓.....▓..c
▓............▓
▓...........▓
▓.......(...▓▓
▓▓.....(......▓
.......Z@.....▓
..▓.....†)....▓
▓.....†)Y...▓
▓.....).[...▓
▓..........(▓
+...........▓
▓...........▓
▓▓▓▓▓▓▓▓▓▓..▓
^.▓ ▓.▓


You could see a centaur warrior, a yak (fleeing) and a bullfrog skeleton.

Vanquished Creatures
  A two-headed ogre (D:9)
  An unseen horror (D:12)
  An ugly thing (D:12)
  Grinder (D:6)
  8 yaks
  Sigmund (D:4)
  Eustachio (D:6)
  Grum (D:8)
  Menkaure (D:4)
  2 necrophages
  2 ice beasts (D:6)
  A sky beast (D:7)
  An ogre (D:6)
  2 wolves (D:8)
  3 centaurs
  3 big kobolds
  2 bullfrogs
  A wyvern skeleton (D:12)
  A scorpion (D:7)
  A water moccasin skeleton (D:6)
  A howler monkey (D:6)
  9 crimson imps
  A quasit (D:8)
  2 centaur zombies
  2 jellies
  7 hounds
  4 orc priests
  Crazy Yiuf (D:5)
  6 orc wizards
  2 bullfrog skeletons
  A centaur skeleton (D:5)
  2 iguanas
  Terence (D:2)
  8 worker ants
  A hound zombie (D:8)
  2 hound skeletons
  A worker ant zombie (D:3)
  A howler monkey skeleton (D:7)
  10 adders
  3 gnolls (D:8)
  A shadow imp (D:9)
  2 adder skeletons
  3 worms
  2 dart slugs
  4 leopard geckos
  23 orcs
  A ball python (D:1)
  8 bats
  6 giant cockroaches
  3 goblins
  4 hobgoblins
  17 jackals
  19 kobolds
  2 quokkas
  A ball python skeleton (D:5)
  6 frilled lizards
  A leopard gecko skeleton (D:5)
  A quokka skeleton (D:6)
  8 rats
212 creatures vanquished.

Notes
Turn   | Place    | Note
-------+----------+-------------------------------------------
     0 | D:1      | Dragon00 the Minotaur Berserker began the quest for the
                  | Orb.
     0 | D:1      | Reached XP level 1. HP: 19/19 MP: 0/0
   182 | D:1      | Reached XP level 2. HP: 25/27 MP: 1/1
   352 | D:1      | Reached skill level 4 in Axes
   888 | D:2      | Noticed Terence
   895 | D:2      | Killed Terence
   895 | D:2      | Reached XP level 3. HP: 33/33 MP: 2/2
   909 | D:2      | Found a shadowy altar of Dithmenos.
  1592 | D:3      | Reached XP level 4. HP: 40/40 MP: 3/3
  1637 | D:3      | Reached ** piety under Trog
  1850 | D:3      | Reached skill level 5 in Axes
  2422 | D:3      | Reached XP level 5. HP: 47/47 MP: 4/4
  2481 | D:4      | Noticed Menkaure
  2488 | D:4      | Killed Menkaure
  2488 | D:4      | Reached XP level 6. HP: 42/55 MP: 5/5
  2548 | D:4      | Reached skill level 5 in Fighting
  2597 | D:4      | Reached skill level 6 in Axes
  2629 | D:4      | Noticed Sigmund
  2635 | D:4      | Killed Sigmund
  2964 | D:4      | Reached XP level 7. HP: 61/61 MP: 6/6
  3020 | D:5      | Entered Level 5 of the Dungeon
  3227 | D:5      | Reached skill level 7 in Axes
  3372 | D:5      | Reached *** piety under Trog
  3372 | D:5      | Reached skill level 5 in Armour
  3493 | D:5      | Found a staircase to the Ecumenical Temple.
  3869 | D:5      | Found a runed translucent door.
  3870 | D:5      | Noticed Crazy Yiuf
  3876 | D:5      | Killed Crazy Yiuf
  4325 | Temple   | Entered the Ecumenical Temple
  4520 | D:6      | Reached skill level 5 in Dodging
  4520 | D:6      | Reached XP level 8. HP: 70/70 MP: 7/7
  4526 | D:6      | Reached skill level 8 in Axes
  4640 | D:6      | Noticed Grinder
  4648 | D:6      | Killed Grinder
  4702 | D:6      | Noticed Eustachio
  4731 | D:6      | Killed Eustachio
  4755 | D:6      | Reached skill level 9 in Axes
  4851 | D:6      | Upgraded the game from 0.24-a0-375-g4de66ed42b to
                  | 0.24-a0-378-g94936e539c
  5081 | D:6      | Reached XP level 9. HP: 78/79 MP: 8/8
  5637 | D:7      | Reached skill level 10 in Axes
  5906 | D:7      | Reached **** piety under Trog
  6255 | D:8      | Noticed Grum
  6268 | D:8      | Killed Grum
  6537 | D:8      | Found a staircase to the Lair.
  6661 | D:8      | Found a shimmering altar of Xom.
  6997 | D:9      | Noticed a two-headed ogre
  7001 | D:9      | Reached skill level 11 in Axes
  7005 | D:9      | Killed a two-headed ogre
  7005 | D:9      | Reached XP level 10. HP: 90/90 MP: 9/9
  7497 | D:9      | You fall into a shaft and drop 3 floors!
  7502 | D:12     | Reached ***** piety under Trog
  7514 | D:12     | Killed an unseen horror
  7514 | D:12     | Reached skill level 12 in Axes
  7525 | D:12     | Noticed a white ugly thing
  7538 | D:12     | Killed a white ugly thing
  7538 | D:12     | Received a gift from Trog
  7544 | D:12     | Noticed a cyclops
  7547 | D:12     | Noticed a centaur warrior
  7547 | D:12     | Shot with an arrow by a centaur warrior

Levels and vault maps discovered:
D:1:      nicolae_arrival_washed_ashore, layout_basic
D:2:      layout_basic, grunt_dithmenos_smoke_and_mirrors,
          corexii_leaking_fountain, uniq_terence
D:3:      kennysheep_six_static_rooms, layout_basic
D:4:      layout_rooms, serial_bayou_pond_e, uniq_menkaure, uniq_sigmund
D:5:      cheibrodos_barr_body, layout_basic,
          minmay_temple_entry_statues_fountains, first_ration,
          uniq_crazy_yiuf_cottage
D:6:      layout_rooms, feat_on_display, uniq_grinder, uniq_eustachio
D:7:      layout_loops_ring
D:8:      layout_loops_cross, dpeg_oklobed_lair, basic_altar, uniq_grum
D:9:      layout_roguey, blue_anna_alchemist [blue_anna_fruit_fields,
          blue_anna_fruit_fields]
D:12:     layout_basic, enter_bailey_2, minmay_strange_pillars
Temple:   kilobyte_greek_temple

Skill      XL: |  1  2  3  4  5  6  7  8  9 10 |
---------------+-------------------------------+-----
Axes           | 4 5 6 7 9 11 12 | 12.5
Fighting       | 4 5 6 7 8 9 |  9.5
Armour         | 3 4 5 6 8 9 |  9.0
Dodging        | 3 4 5 6 7 8 |  8.3

Action                   |  1- 3 |  4- 6 |  7- 9 | 10-12 || total
-------------------------+-------+-------+-------+-------++-------
Melee: Hand axe          |    54 |    95 |    54 |       ||   203
       Headbutt          |    11 |    23 |    64 |    23 ||   121
       War axe           |       |       |   244 |    75 ||   319
Throw: Stone             |       |     3 |       |       ||     3
       Boomerang         |       |       |    70 |    17 ||    87
Invok: Trog's Hand       |       |     3 |     4 |       ||     7
       Berserk           |       |     2 |     6 |     2 ||    10
  Use: Scroll            |     9 |     3 |    13 |     3 ||    28
 Stab: Sleeping          |     1 |       |       |       ||     1
  Eat: Chunk             |     2 |     6 |    16 |     4 ||    28
       Ration            |       |       |     1 |       ||     1
Armor: Animal skin       |     4 |       |       |       ||     4
       Leather armour    |     4 |       |       |       ||     4
       Scale mail        |       |    36 |    82 |     1 ||   119
       Plate armour      |       |       |       |    47 ||    47
Dodge: Dodged            |    28 |    61 |   178 |    28 ||   295
Block: Other             |       |       |    15 |     5 ||    20

Table legend:
 A = Non-vault XP
 B = Vault XP
 C = Vault XP percentage of total XP
 D = Non-vault monster count
 E = Vault monster count
 F = Vault count percentage of total count
                 A         B        C        D         E       F
            +---------+---------+-------+---------+---------+-------
      Total |    7546 |    1663 |  18.1 |     189 |      23 |  10.8
            +---------+---------+-------+---------+---------+-------
        D:1 |      23 |       0 |   0.0 |      12 |       0 |   0.0
        D:2 |      36 |      36 |  50.0 |      15 |       1 |   6.2
        D:3 |      98 |      37 |  27.4 |      26 |       6 |  18.8
        D:4 |     139 |     377 |  73.1 |       9 |       2 |  18.2
        D:5 |     358 |     243 |  40.4 |      14 |       8 |  36.4
        D:6 |    1263 |     457 |  26.6 |      33 |       2 |   5.7
        D:7 |     314 |       0 |   0.0 |      12 |       0 |   0.0
        D:8 |     950 |     413 |  30.3 |      31 |       3 |   8.8
        D:9 |    1845 |     100 |   5.1 |      22 |       1 |   4.3
       D:12 |    2520 |       0 |   0.0 |      15 |       0 |   0.0
            +---------+---------+-------+---------+---------+-------
